 Dungeon Crawl Stone Soup version 0.14.1-26-g5a19342 (webtiles) character file.

139 Kae the Sneak (level 4, -2/21 HPs)
             Began as a Spriggan Enchanter on Aug 1, 2014.
             Killed from afar by Sigmund (3 damage)
             ... with a puff of flame
             ... on Level 2 of the Dungeon.
             The game lasted 00:03:16 (2051 turns).

Kae the Sneak (Spriggan Enchanter)                  Turns: 2051, Time: 00:03:17

HP  -2/21        AC  4     Str  5      XL: 4   Next: 13%
MP  10/13        EV 18     Int 16      God:
Gold 62          SH  0     Dex 16      Spells:  2 memorised,  6 levels left

rFire  . . .     SeeInvis +     a - +1 dagger
rCold  . . .     Clarity  .     b - +1 robe
rNeg   . . .     Conserve .     (shield restricted)
rPois  .         rCorr    .     (helmet restricted)
rElec  .         rRot     .     i - +0 cloak
SustAb . .       Spirit   .     (gloves unavailable)
rMut   .         Warding  .     (boots unavailable)
Saprov . . .     Stasis   .     (no amulet)
MR     .....                    (no ring)
                                (no ring)

@: confused, very quick, not resistant to hostile enchantments, unstealthy
A: unfitting armour, see invisible, herbivore 3, speed 3, slow metabolism 2
a: no special abilities


You were on level 2 of the Dungeon.
You were not hungry.

You visited 1 branch of the dungeon, and saw 2 of its levels.

You collected 62 gold pieces.

Inventory:

Hand weapons
 a - a +1,+1 dagger (weapon)
Missiles
 d - 9 darts (quivered)
Armour
 b - a +1 robe (worn)
 i - a +0 cloak (worn)
Comestibles
 k - a snozzcumber
Scrolls
 g - a scroll of remove curse {unknown}
 l - a scroll of recharging {unknown}
 n - 2 scrolls of identify {unknown}
 q - a scroll of random uselessness {unknown}
Potions
 e - a potion of porridge
 f - a potion of might {unknown}
 h - a potion of resistance {unknown}
 j - a potion of degeneration {unknown}
 m - a potion of curing {unknown}
 p - 2 potions of heal wounds
 r - a potion of paralysis {unknown}
Books
 c - a book of Maledictions

   Spells                             Type                      Level
   *Corona                            Hexes                        1
   Sure Blade                         Hexes/Charms                 2
   *Ensorcelled Hibernation           Hexes/Ice                    2
   Confuse                            Hexes                        3
   Enslavement                        Hexes                        4
   Invisibility                       Hexes                        6
 o - a book of Spatial Translocations

   Spells                             Type                      Level
   Apportation                        Translocation                1
   Blink                              Translocation                2
   Shroud of Golubria                 Charms/Translocation         2
   Portal Projectile                  Translocation                3
   Teleport Other                     Translocation                3
   Passage of Golubria                Translocation                4


   Skills:
 * Level 2.5 Short Blades
 - Level 1.1 Throwing
 - Level 3.0 Dodging
 * Level 4.8 Stealth
 + Level 3.3 Spellcasting
 + Level 4.1 Hexes


You had 6 spell levels left.
You knew the following spells:

 Your Spells              Type           Power        Failure   Level  Hunger
a - Corona                Hex            ###....      4%          1    None
b - Ensorcelled Hibernat  Hex/Ice        #.....       14%         2    ##.....


Dungeon Overview and Level Annotations

Branches:
Dungeon (2/15)

Altars:

Annotations:
D:2 Sigmund


Innate Abilities, Weirdness & Mutations

You are tiny and cannot use many weapons and most armour.
You have supernaturally acute eyesight.
You are a herbivore.
You cover ground extremely quickly.
You need consume almost no food.


Message History

Sigmund flickers and vanishes for a moment.
Casting: Ensorcelled Hibernation
Confirm with . or Enter, or press ? or * to list all spells.
Aiming: Ensorcelled Hibernation
Press: ? - help, Shift-Dir - straight line, f/p - Sigmund
Aim: Sigmund, wielding a scythe and wearing a robe (slightly transparent) Sigmund resists.
Sigmund gestures at you while chanting.
You are confused.
You're too confused to cast spells.
Ouch!
Sigmund hits you from afar with a scythe.
Ouch! Sigmund hits you with a scythe! Sigmund casts a spell at you.
The puff of flame hits you!
* * * LOW HITPOINT WARNING * * *
Sigmund looks at you with fury.
Sigmund points at you and mumbles some strange words.
The puff of flame hits you!
You die...

#################################
#......<.........................
.............@..@..............).
#.############################...
#.# #.....................%.....
#.# #.#######################...
#.# #.# #..[ #.# #.# #... #.# #.#
#... #.# #.# #... #.####.### #...


You could see Sigmund (invisible).

Vanquished Creatures
  Terence (D:2)
  2 adders (D:2)
  An ooze (D:1)
  A ball python (D:2)
  8 bats
  3 giant cockroaches
  6 goblins
  4 hobgoblins
  2 jackals (D:1)
  3 kobolds
  2 quokkas (D:2)
  A giant gecko (D:2)
  2 giant newts (D:2)
  4 rats
40 creatures vanquished.

Notes
Turn   | Place    | Note
--------------------------------------------------------------
     0 | D:1      | Kae, the Spriggan Enchanter, began the quest for the Orb.
     0 | D:1      | Reached XP level 1. HP: 9/9 MP: 4/4
   367 | D:1      | Reached XP level 2. HP: 10/13 MP: 7/7
   371 | D:1      | Learned a level 2 spell: Ensorcelled Hibernation
  1091 | D:2      | Reached XP level 3. HP: 2/16 MP: 1/11
  1213 | D:2      | Reached skill level 4 in Stealth
  1293 | D:2      | Noticed Terence
  1373 | D:2      | Killed Terence
  1720 | D:2      | Noticed Sigmund
  1770 | D:2      | Reached XP level 4. HP: 18/21 MP: 13/13
  2050 | D:2      | HP: 1/21 [Sigmund/puff of flame (8)]
  2051 | D:2      | Killed from afar by Sigmund

Action                   |  1- 3 |  4- 6 || total
-------------------------+-------+-------++-------
Melee: Dagger            |   121 |    37 ||   158
Throw: Dart              |    12 |       ||    12
 Cast: Ensorcelled Hiber |    12 |     3 ||    15
       Corona            |     2 |       ||     2
  Use: Potion            |     1 |       ||     1
 Stab: Sleeping          |    13 |     2 ||    15
